 Dungeon Crawl Stone Soup version 0.29.1-4-g47bece8355 (webtiles) character file.

Game seed: 12643602088421023042

9109 Hercules1031 the Fighter (level 11, -3/108 HPs)
             Began as a Minotaur Fighter on Dec 11, 2022.
             Was a Believer of Ashenzari.
             Slain by Sonja
             ... wielding a +1 dagger of distortion
              (15 damage)
             ... on level 10 of the Dungeon.
             The game lasted 00:35:38 (10000 turns).

Hercules1031 the Fighter (Minotaur Fighter)        Turns: 10000, Time: 00:35:40

Health: -3/108     AC: 28    Str: 30    XL:     11   Next: 18%
Magic:  0/10       EV: 11    Int:  5    God:    Ashenzari [**....]
Gold:   508        SH:  6    Dex:  7    Spells: 10/10 levels left

rFire   . . .      SeeInvis +   e - +5 scimitar (vorpal)
rCold   . . .      Faith    .   c - +0 buckler
rNeg    . . .      Spirit   +   J - +10 chain mail of the Poles {rElec rPois Dex-4 Stlth+}
rPois   +          Reflect  .   o - +2 hat "Ruined Regret" {Cun, Evo} (curse)
rElec   +          Harm     .   w - +2 cloak of the Wild Blue Yonder {Cun, Evo} (curse)
rCorr   .          Rampage  .   A - +0 pair of gloves of Curses and Power {Cun, Bglg} (curse)
Will    .....                   (no boots)
Stlth   ..........              h - amulet of guardian spirit
HPRegen 0.28/turn               g - ring "Esoteric the Ego" {Str+6, Comp, Melee} (curse)
MPRegen 0.12/turn               (no ring)

@: no status effects
A: horns 2, retaliatory headbutt
a: Renounce Religion, Shatter the Chains


You were on level 10 of the Dungeon.
You worshipped Ashenzari.
Ashenzari was pleased with you.
You visited 2 branches of the dungeon, and saw 11 of its levels.
You also visited: Ossuary.

You collected 997 gold pieces.
You spent 489 gold pieces at shops.

Inventory:

Hand Weapons
 a - a +0 long sword
 d - a +3 spear of flaming
 e - a +5 vorpal scimitar (weapon)
 s - a +1 vampiric scimitar
Missiles
 N - a throwing net (quivered)
Armour
 c - a +0 buckler (worn)
 o - the cursed +2 hat "Ruined Regret" (worn) {Cun, Evo}
   (You found it on level 2 of the Dungeon)

   It has a curse which improves the following skills: Cunning: Dodging and
   Stealth.
   Evocations: Evocations.
 u - a +0 pair of boots of flying
 w - the cursed +2 cloak of the Wild Blue Yonder (worn) {Cun, Evo}
   (You took it off Crazy Yiuf on level 2 of the Dungeon)

   It has a curse which improves the following skills: Cunning: Dodging and
   Stealth.
   Evocations: Evocations.
 y - a +0 plate armour
 A - the cursed +0 pair of gloves of Curses and Power (worn) {Cun, Bglg}
   (You found it on level 4 of the Dungeon)

   It has a curse which improves the following skills: Cunning: Dodging and
   Stealth.
   Beguiling: Conjurations, Hexes and Translocations.
 C - the +0 buckler "Joetuck" {+Inv Regen+ Dex-4 Stlth+}
   (You found it on level 6 of the Dungeon)

   Dex:       It affects your dexterity (-4).
   +Inv:      It lets you turn invisible.
   Regen:     It increases your rate of health regeneration.
   Stlth:     It makes you more stealthy.
 J - the +10 chain mail of the Poles (worn) {rElec rPois Dex-4 Stlth+}
   (You found it on level 8 of the Dungeon)

   Dex:       It affects your dexterity (-4).
   rElec:     It insulates you from electricity.
   rPois:     It protects you from poison.
   Stlth:     It makes you more stealthy.
Jewellery
 g - the cursed ring "Esoteric the Ego" (left hand) {Str+6, Comp, Melee}
   (You found it on level 5 of the Dungeon)

   [ring of strength]

   Str:       It affects your strength (+6).
   It has a curse which improves the following skills: Companions: Summonings
   and Necromancy.
   Melee Combat: Short Blades, Long Blades, Axes, Maces & Flails, Polearms,
   Staves and Unarmed Combat.
 h - an amulet of guardian spirit (around neck)
 K - an amulet of magic regeneration
Wands
 x - a wand of iceblast (26)
 I - a wand of flame (38)
Scrolls
 j - a scroll of brand weapon
 n - 8 scrolls of teleportation
 p - 3 scrolls of torment
 q - 2 scrolls of enchant weapon
 v - a scroll of amnesia
 B - 2 scrolls of summoning
 E - 3 scrolls of identify
 F - a scroll of immolation
 G - a scroll of silence
 H - a scroll of magic mapping
 M - 2 scrolls of fear
Potions
 b - a potion of lignification
 f - a potion of invisibility
 i - 2 potions of cancellation
 k - 8 potions of brilliance
 l - 2 potions of curing
 m - 3 potions of ambrosia
 r - a potion of attraction
 t - 2 potions of haste
 z - 4 potions of flight
 D - a potion of might
 L - a potion of magic


   Skills:
 + Level 13.7 Fighting
 + Level 10.8(12.0) Long Blades
 + Level 10.8 Armour
 - Level 7.0(9.5) Dodging
 + Level 10.7 Shields


You had 10 spell levels left.
You didn't know any spells.
Your spell library contained the following spells:

 Spells                   Type           Power      Damage    Failure   Level
 Sting                    Tmut/Pois      0%         1d3       94%         1
 Ensorcelled Hibernation  Hex/Ice        0%         N/A       98%         2
 Poisonous Vapours        Pois/Air       0%         N/A       98%         2
 Call Canine Familiar     Summ           0%         N/A       100%        3
 Gell's Gravitas          Tloc           0%         N/A       100%        3
 Lesser Beckoning         Tloc           0%         N/A       100%        3
 Ozocubu's Armour         Ice            0%         N/A       100%        3
 Portal Projectile        Hex/Tloc       0%         N/A       100%        3
 Spider Form              Tmut/Pois      0%         N/A       100%        3
 Summon Guardian Golem    Hex/Summ       0%         N/A       100%        3
 Teleport Other           Tloc           0%         N/A       100%        3
 Anguish                  Hex/Necr       0%         N/A       100%        4
 Leda's Liquefaction      Hex/Erth       0%         N/A       100%        4
 Olgreb's Toxic Radiance  Pois           0%         N/A       100%        4
 Dispersal                Tloc           0%         N/A       100%        6
 Orb of Destruction       Conj           0%         9d5       100%        7
 Ozocubu's Refrigeration  Ice            0%         4d7       100%        7
 Spellforged Servitor     Conj/Summ      0%         N/A       100%        7


Dungeon Overview and Level Annotations

Branches:
Dungeon (10/15)            Temple (1/1) D:7            Lair (0/5) D:8
Ossuary (visited)
    Orc: D:9-12

Altars:
Ashenzari
Cheibriados
Dithmenos
Elyvilon
Fedhas
Gozag
Hepliaklqana
Kikubaaqudgha
Makhleb
Nemelex Xobeh
Okawaru
Qazlal
Ru
Sif Muna
Trog
Uskayaw
Vehumet
Wu Jian
Xom
Yredelemnul
Zin
The Shining One

Shops:
D:1 *   D:3 (

Annotations:
D:9 3 runed translucent doors
D:10 Sonja


Innate Abilities, Weirdness & Mutations

You have a pair of horns on your head.
You reflexively headbutt those who attack you in melee.


Message History

The two-headed ogre hits you with a +0 giant club.
You block the two-headed ogre's attack.
You barely miss the two-headed ogre. You headbutt the two-headed ogre!
You kill the two-headed ogre!
You miss Sonja. Sonja closely misses you. Sonja barely misses you.
Sonja hits you but does no damage.
You closely miss Sonja. Sonja hits you but does no damage.
Space warps horribly around you!! Sonja completely misses you.
Sonja hits you but does no damage. Space warps around you.
Sonja barely misses you.
Sonja hits you with a +1 dagger of distortion.
Space warps around you. You block Sonja's attack.
You closely miss Sonja. You block Sonja's attack. Sonja barely misses you.
Sonja hits you but does no damage. Space warps around you.
You closely miss Sonja.
Sonja hits you but does no damage. x2; You blink.
Found a stone staircase leading down.
You completely miss Sonja. Your headbutt misses Sonja.
You block Sonja's attack. Sonja hits you but does no damage.
Space warps horribly around you!
* * * LOW HITPOINT WARNING * * *
Sonja barely misses you.
You slash Sonja! Your headbutt misses Sonja.
Sonja is heavily wounded.
Sonja misses you. You furiously retaliate!
You headbutt Sonja. Sonja hits you but does no damage.
You blink.
Sonja throws a curare-tipped dart.
The curare-tipped dart completely misses you.
You miss Sonja. Your headbutt misses Sonja.
Sonja is heavily wounded.
Sonja hits you but does no damage.
You blink.
Sonja mumbles some strange words.
Sonja blinks!
You barely miss Sonja.
Sonja is heavily wounded.
Sonja hits you but does no damage. Space warps around you.
* * * LOW HITPOINT WARNING * * *
Sonja hits you but does no damage. Space warps horribly around you!
* * * LOW HITPOINT WARNING * * *
Sonja hits you but does no damage. Space warps horribly around you!
You die...

* #########
*,#.......###*,* , ,
, * #......... . , ,
* #.......#,..., ,,
,#.......#....,, #
,#............,,...
, *,#.......#
###.... , *
#....§..###....... ,
*
#........@........#
* **
*#.......K..........
,
#?.......♣♣♣♣♣♣♣...
,
....>..##.)........,
*
###.....#..♣.♣♣♣.♣..
,,
#........♣.....♣.# *
#........♣.._..♣.#
#.....#..♣.....♣.#
*.<....##.♣.♣♣♣.♣.#
###


You could see Sonja.

Vanquished Creatures
  A boulder beetle (D:8)
  A two-headed ogre (D:10)
  A komodo dragon (D:8)
  3 trolls (D:8)
  A hornet (D:8)
  8 yaks
  The ghost of kalagan the Conjurer, an amateur DECj of Sif Muna (D:4)
  3 wyverns
  A wraith (D:6)
  Eustachio (D:4)
  2 steam dragons
  A basilisk (D:7)
  A vampire mosquito (D:8)
  A redback (shapeshifter) (D:8)
  2 acid dragons (D:8)
  A black bear (D:5)
  3 orc warriors
  A sky beast (D:6)
  5 centaurs
  2 ogres (D:5)
  A phantom (D:6)
  5 bullfrogs
  2 necrophages
  A scorpion (D:5)
  A gnoll sergeant (D:8)
  3 killer bees (D:9)
  7 howler monkeys
  A crimson imp (D:8)
  3 hounds
  3 jellies
  Crazy Yiuf (D:2)
  4 orc priests
  3 iguanas
  8 orc wizards
  8 mummies (Ossuary)
  Robin (D:2)
  9 adders
  A gnoll (D:8)
  A shadow imp (D:5)
  5 white imps
  2 worms (D:3)
  3 dart slugs
  28 orcs
  4 endoplasms
  2 giant cockroaches
  2 gnoll zombies (Ossuary)
  16 goblins
  8 hobgoblins
  4 jackals (D:3)
  2 quokkas (D:1)
  5 ball pythons
  6 bats
  2 frilled lizards (D:1)
  A hobgoblin zombie (Ossuary)
  10 kobolds
  A kobold zombie (Ossuary)
  4 orc zombies (Ossuary)
  6 rats
214 creatures vanquished.

Vanquished Creatures (others)
  An orc (D:8)
1 creature vanquished.

Grand Total: 215 creatures vanquished

Notes
Turn   | Place    | Note
-------+----------+-------------------------------------------
     0 | D:1      | Hercules1031 the Minotaur Fighter began the quest for the
                  | Orb.
     0 | D:1      | Reached XP level 1. HP: 19/19 MP: 0/0
    70 | D:1      | Found Weitur's General Store.
   206 | D:1      | Found a faded altar of an unknown god.
   273 | D:1      | Reached XP level 2. HP: 23/27 MP: 1/1
   472 | D:1      | Reached skill level 4 in Fighting
   895 | D:2      | Found an ancient bone altar of Kikubaaqudgha.
  1097 | D:2      | Reached XP level 3. HP: 27/33 MP: 2/2
  1190 | D:2      | Reached skill level 1 in Dodging
  1529 | D:2      | Found a runed translucent door.
  1530 | D:2      | Noticed Crazy Yiuf
  1570 | D:2      | Identified the +2 helmet of the Blessed Realm {rElec rN+
                  | Dex+3}
  1570 | D:2      | Noticed Robin
  1582 | D:2      | Killed Robin
  1610 | D:2      | Reached XP level 4. HP: 30/41 MP: 3/3
  1845 | D:2      | Killed Crazy Yiuf
  2031 | D:3      | Found a sacrificial altar of Ru.
  2113 | D:3      | Found a shadowy altar of Dithmenos.
  2149 | D:3      | Reached skill level 5 in Fighting
  2149 | D:3      | Reached XP level 5. HP: 26/48 MP: 2/4
  2401 | D:3      | Found Uzodghiwk's Antique Weapon Shoppe.
  2481 | D:3      | Found a bloodstained altar of Trog.
  2668 | D:3      | Found a hide-covered altar of Uskayaw.
  2669 | D:3      | Noticed a +0 hand axe
  2669 | D:3      | Noticed a +0 hand axe
  2780 | D:4      | Noticed Eustachio
  2803 | D:4      | Killed Eustachio
  2804 | D:4      | Reached XP level 6. HP: 47/57 MP: 5/5
  2815 | D:4      | Reached skill level 10 in Fighting
  2815 | D:4      | Reached skill level 5 in Dodging
  2815 | D:4      | Reached XP level 7. HP: 63/73 MP: 6/6
  2816 | D:4      | Reached skill level 12 in Fighting
  2816 | D:4      | Reached XP level 8. HP: 73/85 MP: 7/7
  2915 | D:4      | Found a runed translucent door.
  2922 | D:4      | Noticed kalagan's ghost (amateur DECj)
  2938 | D:4      | Killed kalagan's ghost
  3613 | D:5      | Entered Level 5 of the Dungeon
  3613 | D:5      | Found a glowing silver altar of Zin.
  3795 | D:5      | Found a sand-covered staircase.
  3801 | Ossuary  | Entered an ossuary
  4286 | D:1      | Bought a +0 pair of boots of flying for 149 gold pieces
  4286 | D:1      | Bought a scroll of brand weapon for 123 gold pieces
  4360 | D:3      | Bought a glowing scimitar for 217 gold pieces
  4751 | D:5      | Reached XP level 9. HP: 92/92 MP: 8/8
  5133 | D:5      | Found an ornate altar of the Wu Jian Council.
  5441 | D:6      | Identified the +0 buckler "Joetuck" {+Inv Regen+ Dex-4
                  | Stlth+}
  5555 | D:6      | Found a radiant altar of Vehumet.
  5862 | D:7      | Found a staircase to the Ecumenical Temple.
  5893 | Temple   | Entered the Ecumenical Temple
  6007 | Temple   | Became a worshipper of Ashenzari the Shackled
  6633 | D:7      | Reached XP level 10. HP: 84/100 MP: 9/9
  7017 | D:8      | Reached skill level 13 in Fighting
  7113 | D:8      | Found a burning altar of Makhleb.
  7184 | D:8      | Reached skill level 10 in Long Blades
  7184 | D:8      | Reached skill level 10 in Armour
  7193 | D:8      | Reached skill level 10 in Shields
  7510 | D:8      | Found a staircase to the Lair.
  7532 | D:8      | Noticed a boulder beetle
  7566 | D:8      | HP: 3/101 [troll (5)]
  8091 | D:8      | Killed a boulder beetle
  8462 | D:8      | Found a sparkling altar of Nemelex Xobeh.
  8567 | D:8      | Found a shimmering altar of Xom.
  8650 | D:8      | Identified the +10 chain mail of the Poles {rElec rPois
                  | Dex-4 Stlth+}
  8705 | D:8      | Reached XP level 11. HP: 107/107 MP: 8/10
  9059 | D:8      | Reached * piety under Ashenzari
  9294 | D:9      | Reached ** piety under Ashenzari
  9417 | D:9      | Found an iron altar of Okawaru.
  9687 | D:9      | Found a runed translucent gate.
  9687 | D:9      | Found a runed translucent gate.
  9687 | D:9      | Found a runed translucent gate.
  9687 | D:9      | Noticed a purple ugly thing
  9687 | D:9      | Noticed a brown ugly thing
  9687 | D:9      | Noticed a green ugly thing
  9687 | D:9      | Noticed a red ugly thing
  9688 | D:9      | Noticed a purple ugly thing
  9690 | D:9      | Noticed a brown ugly thing
  9691 | D:9      | Noticed a glowing orange brain
  9944 | D:10     | Entered Level 10 of the Dungeon
  9955 | D:10     | Found an ancient bone altar of Kikubaaqudgha.
  9971 | D:10     | Noticed Sonja
  9971 | D:10     | Noticed a two-headed ogre
  9988 | D:10     | Killed a two-headed ogre
 10000 | D:10     | Slain by Sonja

Illustrated notes

Levels and vault maps discovered:
D:1:      lightli_arrival_quake, layout_basic, serial_shops,
          nicolae_shop_advertising_works [nicolae_subvault_shop_adworks],
          dreamdust_ecumenical_altar_hidden_monk_grotto, minmay_small_reverse_x
D:2:      layout_basic, basic_altar, uniq_crazy_yiuf_cottage, uniq_robin
D:3:      layout_basic, mainiacjoe_overflow_concentric_impassable,
          trog_three_pillars_becter, mainiacjoe_overflow_small_starburst,
          dancing_weapons_uskayaw, serial_shops, shop
D:4:      nicolae_cairo_tiling_large, layout_loops_ring, ebering_ghost_sewer_d,
          uniq_eustachio
D:5:      layout_loops_corners, nicolae_overflow_hidden_temple,
          nicolae_wu_jian_immortal_techniques, nicolae_ossuary_entry_plus,
          serial_glass, glass_columns_a, glass_columns_a, grunt_ministairs_11
D:6:      layout_rooms, mainiacjoe_overflow_paths, nrook_campfire,
          corexii_checkpoint_a, dk_noncrumbling_3
D:7:      layout_loops_ring, minmay_temple_entry_sparse_star, serial_aquarium,
          aquarium_bridge_long_separate [aquarium_subvault_bridge,
          aquarium_subvault_bridge, aquarium_subvault_window,
          aquarium_subvault_wall, aquarium_subvault_bridge,
          aquarium_subvault_window], aquarium_bridge_square
          [aquarium_subvault_window, aquarium_subvault_bridge,
          aquarium_subvault_bridge, aquarium_subvault_bridge],
          aquarium_window_corner, aquarium_window_double, aquarium_window_fake,
          aquarium_window_1, aquarium_view_2g, aquarium_pool_2
D:8:      minmay_the_grid_plus [minmay_the_grid_large_cup,
          minmay_the_grid_tiny_cups, minmay_the_grid_stretched_grid,
          minmay_the_grid_minigrid_medium, minmay_the_grid_prize_inner_circle],
          layout_loops_cross, lemuel_tele_altar, mainiacjoe_overflow_alcove_2,
          makhleb_grotto_becter, minmay_misc_feat_secret_circle, hex_large
D:9:      layout_irregular_city, okawaru_gym_becter,
          ploomutoo_gammafunk_ghost_potion_laboratory
D:10:     layout_rooms, mainiacjoe_overflow_cross_hatched,
          nicolae_shop_fire_sale [nicolae_sub_dead_trees], uniq_joseph,
          uniq_nergalle, uniq_sonja, uniq_psyche
Temple:   compressed_dpeg_circular_temple

Skill      XL: |  1  2  3  4  5  6  7  8  9 10 |
---------------+-------------------------------+-----
Fighting       | 4 5 10 12 13 | 13.7
Dodging        | 1 2 5 6 7 |  7.0
Armour         | 4 7 9 10 | 10.8
Shields        | 4 7 9 10 | 10.7
Long Blades    | 3 7 8 9 10 | 10.8

Action                   |  1- 3 |  4- 6 |  7- 9 | 10-12 || total
-------------------------+-------+-------+-------+-------++-------
Melee: Long sword        |   113 |    47 |       |       ||   160
       Headbutt          |    17 |    10 |    43 |    35 ||   105
       Scimitar          |       |    28 |   223 |   180 ||   431
Invok: Curse Item        |       |       |       |     4 ||     4
  Use: Scroll            |       |     5 |    14 |     3 ||    22
       Potion            |       |     1 |     1 |     9 ||    11
 Stab: Invisible         |       |     1 |       |       ||     1
Armor: Scale mail        |    62 |    39 |       |       ||   101
       Plate armour      |       |    21 |   134 |   100 ||   255
       Leather armour    |       |     4 |       |       ||     4
       Chain mail        |       |       |       |    46 ||    46
Dodge: Dodged            |    50 |    48 |    81 |   101 ||   280
Block: Buckler           |    31 |    20 |    58 |    80 ||   189
